 Dungeon Crawl Stone Soup version 0.19.0-20-gbc5f0c6 (webtiles) character file.

105 dracos369 the Poker (level 4, -4/35 HPs)
             Began as a Merfolk Chaos Knight on Nov 16, 2016.
             Killed from afar by an orc wizard (6 damage)
             ... with a magic dart
             ... on level 3 of the Dungeon.
             The game lasted 00:06:28 (1172 turns).

dracos369 the Poker (Merfolk Chaos Knight)          Turns: 1172, Time: 00:06:29

Health: -4/35      AC:  5    Str: 13    XL:     4   Next: 83%
Magic:  4/4        EV: 12    Int: 11    God:    Xom [.*....]
Gold:   46         SH:  0    Dex: 13    Spells: 0 memorised, 3 levels left

rFire  . . .     SeeInvis .     a - +0 spear (chaos)
rCold  . . .     Gourm    .     b - +2 leather armour
rNeg   . . .     Faith    .     (no shield)
rPois  .         Spirit   .     (no helmet)
rElec  .         Reflect  .     (no cloak)
rCorr  .         Harm     .     (no gloves)
MR     .....                    (no boots)
Stlth  +.........               (no amulet)
                                (no ring)
                                (no ring)

@: very slightly contaminated
A: change form in water, swift swim, stealthy swim, claws 1
a: Renounce Religion


You were on level 3 of the Dungeon.
You worshipped Xom.
You were a plaything of Xom.
You were not hungry.

You visited 1 branch of the dungeon, and saw 3 of its levels.

You collected 46 gold pieces.

Inventory:

Hand Weapons
 a - a +0 spear of chaos (weapon)
Armour
 b - a +2 leather armour (worn)
Scrolls
 d - a scroll of random uselessness {unknown}
 h - a scroll of enchant weapon {unknown}
Comestibles
 c - 2 bread rations
 f - 5 chunks of flesh
 g - a beef jerky


   Skills:
 - Level 3.2 Fighting
 + Level 7.8 Polearms
 - Level 0.6 Armour
 - Level 2.6 Dodging


You had 3 spell levels left.
You didn't know any spells.

Dungeon Overview and Level Annotations

Branches:
Dungeon (3/15)

Altars:


Innate Abilities, Weirdness & Mutations

You revert to your normal form in water.
You are very nimble and swift while swimming.
You are very stealthy in the water. (Stealth+)
You have sharp fingernails.


Message History

Attack whom?
Press: ? - help, Dir - move target cursor You could not reach far enough!
Something hits your butterfly.
Your butterfly dies!
Attack whom?
Press: ? - help, Dir - move target cursor You reach to attack!
Deactivating autopickup; reactivate with Ctrl-A.
You hit something.
You aren't carrying any potions.
Okay, then.
You barely miss something. You closely miss something.
Something hits you but does no damage.
An orc comes into view. It is wielding a hand axe.
You hit something.
Nothing appears to happen.
You hit something but do no damage.
You hear some strange, mumbled words.
A magic dart appears from out of thin air!
The magic dart hits you!
You die...

#.##
###...#
#.o.#
#†#.{.#
#b#####
#.# #o#
#{# #@#
#........
###..####
..# .# .#
#


You could see 2 orcs.

Vanquished Creatures
  An orc priest (D:3)
  Jessica (D:2)
  A worm (D:2)
  2 dart slugs
  3 leopard geckos
  2 orcs (D:3)
  6 bats
  2 giant cockroaches (D:1)
  4 goblins
  3 hobgoblins (D:1)
  3 jackals (D:1)
  A quokka (D:2)
  A ball python (D:2)
  5 frilled lizards (D:1)
  2 kobolds (D:2)
  2 rats (D:1)
39 creatures vanquished.

Notes
Turn   | Place    | Note
-------+----------+-------------------------------------------
     0 | D:1      | dracos369 the Merfolk Chaos Knight began the quest for the Orb.
     0 | D:1      | Reached XP level 1. HP: 18/18 MP: 1/1
    90 | D:1      | Reached skill level 5 in Polearms
   177 | D:1      | Reached XP level 2. HP: 24/24 MP: 2/2
   428 | D:1      | XOM: harmless Chrm miscast
   647 | D:1      | Reached XP level 3. HP: 29/29 MP: 3/3
   675 | D:1      | XOM: cast spell 'Summon Butterflies'
   708 | D:1      | Reached skill level 6 in Polearms
   938 | D:2      | Noticed Jessica
   939 | D:2      | XOM: harmless Tmut miscast
   945 | D:2      | Killed Jessica
   973 | D:2      | Reached XP level 4. HP: 30/35 MP: 4/4
   976 | D:2      | Reached skill level 7 in Polearms
  1068 | D:2      | Noticed a tengu
  1068 | D:2      | a worm changed into a tengu
  1075 | D:2      | XOM: give mutation
  1075 | D:2      | Gained mutation: You have sharp fingernails. [Xom's mischief]
  1094 | D:2      | XOM: 1-stop teleportation journey
  1153 | D:3      | HP: 1/35 [something/puff of flame (9)]
  1153 | D:3      | XOM: butterfly on damage
  1172 | D:3      | Killed from afar by an orc wizard

Skill      XL: |  1  2  3  4 |
---------------+-------------+-----
Polearms       | 5 6 7 |  7.8
Fighting       | |  3.2
Armour         | |  0.6
Dodging        | |  2.6

Action                   |  1- 3 |  4- 6 || total
-------------------------+-------+-------++-------
Melee: Spear             |    88 |    82 ||   170
       Tailslap          |       |     1 ||     1
  Use: Potion            |       |     1 ||     1
 Stab: Paralysed         |     2 |     1 ||     3
       Sleeping          |     1 |       ||     1
  Eat: Chunk             |       |     1 ||     1
Armor: Leather armour    |    18 |    15 ||    33
Dodge: Dodged            |    33 |    41 ||    74
